 Dungeon Crawl Stone Soup version 0.28.0-53-g5a82cb258f (webtiles) character file.

Game seed: 3102643996231435684

277 DemonSlayer the Sneak (level 6, 0/43 HPs)
             Began as a Vampire Enchanter on Aug 13, 2022.
             Slain by a hound (3 damage)
             ... on level 5 of the Dungeon.
             The game lasted 00:11:11 (3965 turns).

DemonSlayer the Sneak (Vampire Enchanter)           Turns: 3965, Time: 00:11:11

Health: 0/43       AC:  4    Str:  7    XL:     6   Next: 4%
Magic:  7/10       EV: 13    Int: 19    God:
Gold:   128        SH:  0    Dex: 15    Spells: 2/10 levels left

rFire   . . .      SeeInvis +   a - +1 dagger (vamp)
rCold   . . .      Faith    .   (no shield)
rNeg    . . .      Spirit   .   b - +0 robe
rPois   .          Reflect  .   k - +0 helmet
rElec   .          Harm     .   e - +0 cloak
rCorr   .          Rampage  .   (no gloves)
Will    .....                   (no boots)
Stlth   ++++......              (no amulet)
HPRegen 0.34/turn               (no ring)
MPRegen 0.12/turn               (no ring)

@: healing quickly
A: alive, fangs 3, see invisible, vampiric 2
a: Exsanguinate


You were on level 5 of the Dungeon.
You visited 1 branch of the dungeon, and saw 5 of its levels.

You collected 128 gold pieces.

Inventory:

Hand Weapons
 a - a +1 vampiric dagger (weapon)
Missiles
 g - 51 sling bullets
Armour
 b - a +0 robe (worn)
 e - a +0 cloak (worn)
 k - a +0 helmet (worn)
Scrolls
 d - a scroll of teleportation


   Skills:
 + Level 1.4 Fighting
 + Level 2.4 Short Blades
 + Level 3.1 Dodging
 + Level 7.3 Stealth
 + Level 2.7 Spellcasting
 + Level 5.2 Hexes
 + Level 1.1 Ice Magic


You had 2 spell levels left.
You knew the following spells:

 Your Spells              Type           Power      Damage    Failure   Level
a - Ensorcelled Hibernat  Hex/Ice        28%        N/A       6%          2
b - Tukima's Dance        Hex            22%        N/A       5%          3
c - Confusing Touch       Hex            22%        N/A       5%          3

Your spell library contained the following spells:

 Spells                   Type           Power      Damage    Failure   Level
 Corpse Rot               Necr/Air       4%         N/A       24%         2
 Poisonous Vapours        Pois/Air       4%         N/A       24%         2
 Sublimation of Blood     Necr           2%         N/A       24%         2
 Dazzling Flash           Conj/Hex       24%        N/A       16%         3
 Petrify                  Tmut/Erth      2%         N/A       83%         4
 Irradiate                Conj/Tmut      1%         3d14      99%         5


Dungeon Overview and Level Annotations

Branches:
Dungeon (5/15)
 Temple: D:4-7

Altars:
Uskayaw

Annotations:
D:5 Blork the orc


Innate Abilities, Weirdness & Mutations

Your natural rate of healing is accelerated.
You have razor-sharp teeth.
You have supernaturally acute eyesight. (SInv)
You are afflicted with vampirism and can become a bat while bloodless.


Message History

The hound is moderately wounded.
The hound bites you.
Blork the orc screams, "I'll break your legs!"
Blork the orc misses you. The hound closely misses you.
There is an open door here.
The hound bites you. Blork the orc misses you.
Blork the orc begins to cast a cantrip, but forgets the words!
The hound bites you. Blork the orc casts a spell at you.
The puff of flame hits you!
* * * LOW HITPOINT WARNING * * *
Your magical contamination has completely faded away.
The hound bites you but does no damage. Blork the orc misses you.
The hound bites you.
* * * LOW HITPOINT WARNING * * *
The hound barely misses you. The hound bites you.
* * * LOW HITPOINT WARNING * * *
The hound misses you. The hound barely misses you.
Blork the orc hits you from afar with a +0 halberd.
* * * LOW HITPOINT WARNING * * *
The hound closely misses you. The hound closely misses you.
The hound barely misses you.
Blork the orc looks braver for a moment.
The hound bites you but does no damage. The hound barely misses you.
The hound bites you.
There is a stone staircase leading up here.
Blork the orc hits you from afar with a +0 halberd!
* * * LOW HITPOINT WARNING * * *
The hound closely misses you. The hound bites you.
* * * LOW HITPOINT WARNING * * *
The hound closely misses you.
Blork the orc casts a spell.
Blork the orc seems to speed up.
The hound bites you.
You die...

.######.#.##..'_'..# #####
#..#o###≈#'#≈.# #....
#.#####..#.###≈§.≈≈.###....
#......<.#.##..............
#######.##.##.#########....
#.##.....# #.... #.#####..#
#.... #o#####..# #....
#..h@....# #..## ########.#
##.# .# #.# .# .#


You could see Blork the orc (fast) and a hound.

Vanquished Creatures
  A scorpion (D:3)
  An orc priest (D:4)
  A hound (D:5)
  Robin (D:2)
  3 gnolls (D:3)
  3 adders
  An ufetubus (D:4)
  A worm (D:3)
  3 dart slugs
  8 orcs
  7 bats
  3 endoplasms
  A giant cockroach (D:1)
  11 goblins
  9 hobgoblins
  2 jackals (D:2)
  2 quokkas (D:2)
  5 ball pythons
  2 frilled lizards
  7 kobolds
  4 rats (D:1)
76 creatures vanquished.

Vanquished Creatures (others)
  4 plants (D:3)
4 creatures vanquished.

Grand Total: 80 creatures vanquished

Notes
Turn   | Place    | Note
-------+----------+-------------------------------------------
     0 | D:1      | DemonSlayer the Vampire Enchanter began the quest for the
                  | Orb.
     0 | D:1      | Reached XP level 1. HP: 13/13 MP: 3/3
   392 | D:1      | Reached XP level 2. HP: 18/20 MP: 5/5
   965 | D:1      | Reached skill level 1 in Fighting
  1108 | D:1      | Learned a level 2 spell: Ensorcelled Hibernation
  1252 | D:2      | Noticed Robin
  1289 | D:2      | Gained mutation: You are afflicted with vampirism and can
                  | become a bat while bloodless. [Vampire growth]
  1289 | D:2      | Reached XP level 3. HP: 23/26 MP: 6/6
  1296 | D:2      | Reached skill level 5 in Stealth
  1307 | D:2      | Killed Robin
  1643 | D:2      | Learned a level 3 spell: Tukima's Dance
  2087 | D:2      | Reached XP level 4. HP: 28/32 MP: 4/7
  2934 | D:3      | Noticed a scorpion
  2958 | D:3      | Reached skill level 6 in Stealth
  3110 | D:3      | Reached XP level 5. HP: 33/37 MP: 5/8
  3369 | D:3      | Reached skill level 7 in Stealth
  3369 | D:3      | Reached skill level 5 in Hexes
  3633 | D:3      | Learned a level 3 spell: Confusing Touch
  3702 | D:4      | Reached skill level 1 in Ice Magic
  3777 | D:4      | Noticed an ogre
  3801 | D:5      | Entered Level 5 of the Dungeon
  3804 | D:5      | Reached XP level 6. HP: 43/43 MP: 0/10
  3894 | D:5      | Found a hide-covered altar of Uskayaw.
  3917 | D:5      | Noticed Blork the orc
  3962 | D:5      | HP: 2/43 [hound (1)]
  3965 | D:5      | Slain by a hound

Illustrated notes

Levels and vault maps discovered:
D:1:      dpeg_arrival_simpleton_c, layout_basic
D:2:      layout_basic, uniq_robin
D:3:      layout_basic, minivault_4, nicolae_grassy_gnolls
D:4:      layout_basic, minmay_temple_entry_large_hall,
          minmay_increasing_density
D:5:      layout_basic, kennysheep_mini_moat, mainiacjoe_overflow_alcove_2,
          uniq_sigmund, uniq_pikel, uniq_blork_the_orc

Skill      XL: |  1  2  3  4  5 |
---------------+----------------+-----
Fighting       | 1 |  1.4
Stealth        | 5 6 7 |  7.3
Short Blades   | 2 |  2.4
Dodging        | 3 |  3.1
Hexes          | 5 |  5.2
Ice Magic      | 1 |  1.1
Spellcasting   | |  2.7

Action                   |  1- 3 |  4- 6 || total
-------------------------+-------+-------++-------
Melee: Dagger            |   149 |    79 ||   228
       Bite              |    13 |     4 ||    17
 Cast: Ensorcelled Hiber |     7 |    33 ||    40
  Use: Scroll            |     2 |     6 ||     8
       Potion            |     1 |     1 ||     2
 Stab: Sleeping          |    10 |    29 ||    39
       Invisible         |     4 |       ||     4
Armor: Robe              |    35 |    21 ||    56
Dodge: Dodged            |   109 |    76 ||   185
